 Dungeon Crawl Stone Soup version 0.27-a0-1232-gc6a4cbde82 (webtiles) character file.

Game seed: 10183169867905164759

15499 puppykicker the Frost Mage (level 12, -1/87 HPs)
             Began as a Barachi Ice Elementalist on June 9, 2021.
             Was a Priest of Vehumet.
             Slain by a cyclops (10 damage)
             ... on level 13 of the Dungeon.
             The game lasted 01:12:11 (14310 turns).

puppykicker the Frost Mage (BaIE)                  Turns: 14310, Time: 01:12:11

Health: -1/87      AC: 10    Str: 11    XL:     12   Next: 27%
Magic:  11/20      EV: 14    Int: 23    God:    Vehumet [***...]
Gold:   766        SH:  0    Dex: 14    Spells: 5/22 levels left

rFire    + + +     SeeInvis .   H - +3 long sword of Bupupna {freeze, Fragile rElec rF+ Int+4}
rCold    . . .     Faith    .   (no shield)
rNeg     + . .     Spirit   .   j - +2 robe of Courage {rPois Will+++ Int-2 Stlth+}
rPois    +         Reflect  .   r - +0 helmet
rElec    +         Harm     .   V - scarf {+Inv}
rCorr    .         Rampage  .   l - +0 pair of gloves
Will     +++..                  h - +2 pair of boots
Stlth    ++++......             J - amulet of the Pure Dances {*Slow rF++ Regen+ Int+3 Slay+2}
HPRegen  1.24/turn              N - ring of positive energy {rN+}
MPRegen  0.17/turn              (no ring)

@: freezing walls, slow
A: amphibious, slowness 1, strong legs 1, +LOS
a: Hop, Renounce Religion, Evoke Invisibility


You were on level 13 of the Dungeon.
You worshipped Vehumet.
Vehumet was most pleased with you.
You visited 2 branches of the dungeon, and saw 14 of its levels.

You collected 857 gold pieces.
You spent 91 gold pieces at shops.

Inventory:

Hand Weapons
 a - a +1 short sword of venom
 b - a +1 vampiric dagger
 u - a +0 arbalest
 F - a +0 hand crossbow
 H - the +3 long sword of Bupupna (weapon) {freeze, Fragile rElec rF+ Int+4}
   (You found it on level 7 of the Dungeon)

   It has been specially enchanted to freeze those struck by it, causing extra
   injury to most foes and up to half again as much damage against particularly
   susceptible opponents.
   It can also slow down cold-blooded creatures.
   It affects your intelligence (+4).
   It protects you from fire.
   It insulates you from electricity.
   It will be destroyed if unequipped.
Missiles
 K - 9 javelins
 L - a throwing net (quivered)
 Q - 67 bolts
 R - a curare-tipped dart
 S - 47 poisoned darts
Armour
 h - a +2 pair of boots (worn)
 j - the +2 robe of Courage (worn) {rPois Will+++ Int-2 Stlth+}
   (You bought it in a shop on level 1 of the Dungeon)

   It affects your intelligence (-2).
   It protects you from poison.
   It greatly increases your willpower.
   It makes you more stealthy.
 l - a +0 pair of gloves (worn)
 r - a +0 helmet (worn)
 M - a +2 scale mail of willpower
 V - a scarf of invisibility (worn)
Magical Staves
 d - a staff of cold {rC+}
Jewellery
 E - an amulet of faith {Faith, !P}
 J - the amulet of the Pure Dances (around neck) {*Slow rF++ Regen+ Int+3 Slay+2}
   (You acquired it on level 3 of the Dungeon)

   [amulet of regeneration]

   It affects your intelligence (+3).
   It affects your accuracy and damage with ranged weapons and melee attacks
   (+2).
   It greatly protects you from fire.
   It increases your rate of health regeneration.
   It may slow you when you take damage.
 N - a ring of positive energy (left hand) {rN+}
Wands
 n - a wand of iceblast (8)
 x - a wand of acid (4)
 D - a wand of digging (1)
 T - a wand of charming (9)
Scrolls
 e - 2 scrolls of fear
 f - 2 scrolls of fog
 g - 2 scrolls of magic mapping {!r}
 k - a scroll of enchant weapon {unknown}
 m - a scroll of summoning {unknown}
 o - a scroll of enchant armour {unknown}
 p - a scroll of vulnerability {!r!r}
 s - a scroll of blinking {unknown}
 t - 5 scrolls of teleportation
 v - a scroll of silence {unknown}
 y - a scroll of torment {!r}
 C - 2 scrolls of immolation {!r}
 I - a scroll of amnesia {unknown}
 P - a scroll of brand weapon {unknown}
Potions
 c - a potion of resistance
 i - a potion of lignification {unknown}
 q - 2 potions of curing
 w - a potion of cancellation
 z - 2 potions of mutation {!q}
 A - 2 potions of heal wounds
 B - 2 potions of haste
 G - 2 potions of attraction {!q}
 O - 2 potions of magic
Miscellaneous
 U - a condenser vane (inert)


   Skills:
 + Level 5.8 Fighting
 + Level 12.5 Long Blades
 + Level 5.0 Armour
 + Level 4.8 Dodging
 + Level 4.8 Stealth
 + Level 5.6 Spellcasting
 + Level 6.5 Conjurations
 + Level 5.0 Summonings
 * Level 1.5 Fire Magic
 * Level 12.5 Ice Magic
 + Level 2.5 Evocations


You had 5 spell levels left.
You knew the following spells:

 Your Spells              Type           Power      Damage    Failure   Level
a - Freeze                Ice            100%       1d11      1%          1
b - Frozen Ramparts       Ice            100%       1d12      1%          3
c - Summon Ice Beast      Ice/Summ       46%        N/A       2%          4
d - Hailstorm             Conj/Ice       50%        3d11      1%          4
f - Fireball              Conj/Fire      12%        3d7       13%         5

Your spell library contained the following spells:

 Spells                   Type           Power      Damage    Failure   Level
 Dazzling Flash           Conj/Hex       42%        N/A       1%          3
 Foxfire                  Conj/Fire      100%       2x1d9     1%          1
 Summon Small Mammal      Summ           100%       N/A       1%          1
 Call Imp                 Summ           29%        N/A       1%          2
 Conjure Flame            Conj/Fire      25%        6-21      1%          3
 Ozocubu's Armour         Ice            59%        N/A       1%          3
 Stone Arrow              Conj/Erth      42%        3d9       1%          3
 Sandblast                Erth           12%        2d6       2%          1
 Call Canine Familiar     Summ           29%        N/A       3%          3
 Sticky Flame             Conj/Fire      25%        2d5       4%          4
 Inner Flame              Hex/Fire       9%         N/A       5%          3
 Summon Guardian Golem    Hex/Summ       18%        N/A       10%         3
 Passwall                 Tmut/Erth      5%         N/A       14%         2
 Metabolic Englaciation   Hex/Ice        17%        N/A       19%         5
 Summon Lightning Spire   Summ/Air       18%        N/A       30%         4
 Lee's Rapid Deconstruct  Erth           3%         3d6*      50%         5
 Petrify                  Tmut/Erth      6%         N/A       65%         4


Dungeon Overview and Level Annotations

Branches:
Dungeon (13/15)            Temple (1/1) D:7            Lair (0/6) D:10
    Orc (0/2) D:12
 Vaults: D:13-14

Altars:
Cheibriados
Dithmenos
Elyvilon
Gozag
Makhleb
Nemelex Xobeh
Okawaru
Qazlal
Ru
Sif Muna
Trog
Vehumet
Wu Jian
Xom
The Shining One

Shops:
D:1 [

Portals:
Abyss: D:10

Annotations:
D:10 2 transporters, kd29's ghost, journeyman GrEE


Innate Abilities, Weirdness & Mutations

You are amphibious.
You cover ground slowly.
You can hop short distances.
You have an extended range of vision and can be seen from far away.


Message History

There is a stone staircase leading down here.
You climb downwards.
There is a stone staircase leading up here.
i - a blue potion A cyclops comes into view.
The cyclops shouts!
The cyclops throws a large rock.
The large rock hits you!!!
You take 36 damage, and have 51/87 hp.
MASSIVE DAMAGE!!
The cyclops hits you!!
* * * LOW HITPOINT WARNING * * *
You take 19 damage, and have 32/87 hp.
MASSIVE DAMAGE!!
Casting: Freeze (safe; 1% risk of failure)
Casting: Frozen Ramparts (safe; 1% risk of failure)
Press: ? - help, Dir - look around, f - activate The walls around you are covered in ice.
You now have 17/20 mp.
Casting: Frozen Ramparts (safe; 1% risk of failure)
A chill wind blows around you.
The wall freezes the cyclops.
The cyclops hits you!
* * * LOW HITPOINT WARNING * * *
You take 7 damage, and have 26/87 hp.
You now have 13/20 mp.
Unknown command.
Casting: Summon Ice Beast (dangerous; 2% risk of failure)
Aiming: Freeze (safe; 1% risk of failure)
Press: ? - help, Shift-Dir - straight line, f - cyclops
Aim: a cyclops, quivering large rocks (lightly wounded, ally target)
You freeze the cyclops.
The wall freezes the cyclops!
The cyclops hits you!!
* * * LOW HITPOINT WARNING * * *
Your ice beast freezes the cyclops!
You take 18 damage, and have 8/87 hp.
MASSIVE DAMAGE!!
You now have 12/20 mp.
Casting: Freeze (safe; 1% risk of failure)
Aiming: Freeze (safe; 1% risk of failure)
Press: ? - help, Shift-Dir - straight line, f/p - cyclops
Aim: a cyclops, quivering large rocks (severely wounded, ally target)
You freeze the cyclops.
The wall freezes the cyclops!
The cyclops hits you!
You die...

#......#
#.####.#
#.####.#
#......#
#......#
#......#
#.####.#
#.# #.#
#@# #.#
#CY....#
#......#
#......#
#......#
#......#
#......#
+......#
#......#


You could see a cyclops (ally target) and a friendly ice beast (summoned).

Levels and vault maps discovered:
D:1:      minmay_arrival_checkered_box, layout_loops_cross,
          chequers_ecumenical_altar_simple, serial_shops, shop,
          hangedman_decor_clover_reticule, chequers_serial_rivers_small_3
D:2:      layout_basic
D:3:      layout_basic, gammafunk_ghost_smash
D:4:      layout_loops_ring
D:5:      corexii_shack_village, layout_basic, okawaru_metal_pillars_1_2,
          general_overflow_altar, tgw_trog, gammafunk_ghost_necromancy,
          uniq_blork_the_orc
D:6:      layout_cave_pools, minmay_overflow_temple_star_quad,
          lemuel_round_altar, corner_web_ring, grunt_decor_mini_mirrors,
          kennysheep_dice, uniq_menkaure
D:7:      corexii_shantytown, layout_basic, xom_teletrap_fun,
          minmay_temple_entry_metal_lava
D:8:      layout_basic, dk_noncrumbling_4, minmay_checkerbox
D:9:      layout_roguey, uniq_harold, uniq_psyche
D:10:     layout_gridville, lair_entry_dummy, gammafunk_ghost_abyssal_escape,
          minmay_holes
D:11:     layout_layer_cave, due_unseen_surprise
D:12:     layout_cross, orc_0_dummy, kennysheep_windowed_goal
D:13:     layout_stronghold
Temple:   dpeg_chambers_temple

Notes
Turn   | Place    | Note
-------+----------+-------------------------------------------
     0 | D:1      | puppykicker the Barachi Ice Elementalist began the quest
                  | for the Orb.
     0 | D:1      | Reached XP level 1. HP: 13/13 MP: 3/3
    11 | D:1      | Identified a +1 dagger of protection
    32 | D:1      | Identified a +0 mace
    39 | D:1      | Identified a +0 helmet
   147 | D:1      | Identified a +0 club
   168 | D:1      | Reached skill level 5 in Ice Magic
   168 | D:1      | Reached XP level 2. HP: 20/20 MP: 3/5
   236 | D:1      | Found a faded altar of an unknown god.
   263 | D:1      | Found Jennu's Antique Armour Shoppe.
   299 | D:1      | Identified a +0 dagger
   540 | D:1      | Identified a +0 club
   710 | D:1      | Identified a +0 war axe
   727 | D:1      | Identified a +0 short sword
   973 | D:2      | Reached skill level 1 in Fighting
   978 | D:2      | Identified a +2 pair of boots
  1198 | D:2      | Reached XP level 3. HP: 19/26 MP: 3/6
  1372 | D:1      | Bought a shimmering robe for 91 gold pieces
  1372 | D:1      | Identified the +2 robe of Courage {rPois Will+++ Int-2
                  | Stlth+} (You bought it in a shop on level 1 of the Dungeon)
  1446 | D:2      | Identified a +0 whip
  1446 | D:2      | Identified a +0 hunting sling
  1452 | D:2      | Reached skill level 1 in Armour
  1555 | D:2      | Identified a +0 pair of gloves
  1844 | D:3      | Learned a level 3 spell: Frozen Ramparts
  1925 | D:3      | Identified a +0 dagger
  1937 | D:3      | Reached XP level 4. HP: 32/32 MP: 5/7
  2089 | D:3      | Identified a +0 dagger
  2100 | D:3      | Identified a +0 club
  2104 | D:3      | Identified a +0 leather armour
  2176 | D:3      | Learned a level 4 spell: Hailstorm
  2216 | D:3      | Identified a +0 dagger
  2217 | D:3      | Identified a +1 whip of venom
  2463 | D:3      | Found a transporter.
  2464 | D:3      | Noticed pokeman's ghost (amateur DEWz)
  2464 | D:3      | Identified a +0 giant club
  2464 | D:3      | Noticed an ogre
  2464 | D:3      | Identified the +8 dire flail of Goev {venom, Fly}
  2464 | D:3      | Noticed an ogre
  2489 | D:3      | Identified a +0 club
  2693 | D:3      | Found a transporter.
  2724 | D:3      | Reached skill level 2 in Fighting
  2724 | D:3      | Reached skill level 2 in Armour
  2724 | D:3      | Reached skill level 3 in Dodging
  2724 | D:3      | Reached skill level 6 in Ice Magic
  2724 | D:3      | Reached XP level 5. HP: 24/38 MP: 4/8
  2850 | D:4      | Identified a +0 flail
  2875 | D:4      | Identified a +0 pair of boots
  3122 | D:4      | Identified 2 scrolls of teleportation
  3320 | D:4      | Identified a +0 flail
  3418 | D:5      | Entered Level 5 of the Dungeon
  3454 | D:5      | Identified a +0 robe
  3464 | D:5      | Reached skill level 1 in Conjurations
  3464 | D:5      | Found a runed translucent gate.
  3464 | D:5      | Found a runed translucent gate.
  3464 | D:5      | Found a runed translucent gate.
  3466 | D:5      | Noticed indyram44's ghost (novice GrIE)
  3508 | D:5      | Reached XP level 6. HP: 37/44 MP: 9/9
  3550 | D:5      | Identified a +0 mace
  3550 | D:5      | Identified a +0 ring mail
  3561 | D:5      | Identified a +0 dagger
  3671 | D:5      | Identified a +0 trident
  3671 | D:5      | Identified a +0 robe
  3671 | D:5      | Noticed Blork the orc
  3683 | D:5      | HP: 10/44 [Blork the orc/+0 trident (7)]
  3684 | D:5      | Identified 4 potions of degeneration
  3685 | D:5      | Identified 2 potions of resistance
  3686 | D:5      | Identified 2 potions of curing
  3688 | D:5      | HP: 9/44 [Blork the orc/+0 trident (3)]
  3689 | D:5      | HP: 4/44 [Blork the orc/+0 trident (5)]
  3690 | D:5      | Killed Blork the orc
  3691 | D:5      | Reached skill level 3 in Armour
  3691 | D:5      | Reached skill level 2 in Conjurations
  3691 | D:5      | Reached skill level 7 in Ice Magic
  4000 | D:5      | Identified a +0 ring mail
  4012 | D:5      | Found an ornate altar of the Wu Jian Council.
  4046 | D:5      | Identified a +0 ring mail
  4426 | D:5      | Identified a +0 club
  4426 | D:5      | Identified a +0 whip
  4426 | D:5      | Identified a +0 club
  4508 | D:5      | Found an iron altar of Okawaru.
  4572 | D:5      | Noticed a moth of wrath
  4576 | D:5      | Found a bloodstained altar of Trog.
  4795 | D:5      | Identified a +1 vorpal spear
  4801 | D:5      | Identified a +0 arbalest
  5151 | D:6      | HP: 11/44 [phantom (7)]
  5155 | D:6      | HP: 2/44 [phantom (6)]
  5160 | D:6      | HP: 9/44 [phantom (3)]
  5167 | D:6      | HP: 4/44 [phantom (6)]
  5172 | D:6      | Reached skill level 3 in Conjurations
  5172 | D:6      | Reached XP level 7. HP: 5/50 MP: 1/10
  5183 | D:6      | Identified a ring of positive energy
  5494 | D:6      | Identified a +0 morningstar
  5494 | D:6      | Identified a +1 robe of fire resistance
  5494 | D:6      | Noticed a steam dragon
  5502 | D:6      | Killed a steam dragon
  5503 | D:6      | Reached skill level 8 in Ice Magic
  5627 | D:6      | Identified a +0 giant club
  6293 | D:6      | Reached skill level 4 in Conjurations
  6293 | D:6      | Reached skill level 9 in Ice Magic
  6293 | D:6      | Reached XP level 8. HP: 43/56 MP: 4/11
  6607 | D:6      | Noticed Menkaure
  6620 | D:6      | Killed Menkaure
  6701 | D:6      | Identified a +0 robe
  6743 | D:6      | Reached skill level 10 in Ice Magic
  6872 | D:6      | Found a burning altar of Makhleb.
  6889 | D:6      | Identified a +0 chain mail
  6903 | D:6      | Identified a +0 falchion of distortion
  6987 | D:6      | Found a glowing golden altar of the Shining One.
  6992 | D:6      | Found an opulent altar of Gozag.
  6995 | D:6      | Found a white marble altar of Elyvilon.
  7025 | D:6      | Identified a +0 dagger
  7402 | D:3      | Reached skill level 2 in Stealth
  7402 | D:3      | Reached skill level 5 in Conjurations
  7403 | D:3      | Killed pokeman's ghost
  7406 | D:3      | Reached skill level 3 in Spellcasting
  7438 | D:3      | Identified 6 scrolls of identify
  7438 | D:3      | Identified a potion of heal wounds
  7439 | D:3      | Identified a potion of mutation
  7440 | D:3      | Identified a scroll of immolation
  7441 | D:3      | Identified a scroll of acquirement
  7442 | D:3      | Identified 2 scrolls of noise
  7443 | D:3      | Identified a scroll of fear
  7450 | D:3      | Acquired the amulet of the Pure Dances {*Slow rF++ Regen+
                  | Int+3 Slay+2}
  7612 | D:5      | Killed indyram44's ghost
  7613 | D:5      | Reached skill level 3 in Fighting
  7613 | D:5      | Reached XP level 9. HP: 63/63 MP: 9/13
  7750 | D:7      | Reached skill level 4 in Armour
  7776 | D:7      | Reached skill level 4 in Dodging
  7855 | D:7      | Learned a level 4 spell: Summon Ice Beast
  7899 | D:7      | Identified a +1 short sword of venom
  7899 | D:7      | Identified a +0 short sword
  7899 | D:7      | Identified a +0 short sword
  7914 | D:7      | Identified a +0 club
  7914 | D:7      | Identified a +0 ring mail
  7925 | D:7      | Identified a +0 short sword
  7942 | D:7      | Identified a +0 short sword
  7961 | D:7      | Identified a +0 short sword
  7961 | D:7      | Identified a +0 trident
  7986 | D:7      | Identified a +0 club
  8003 | D:7      | Identified a +0 shortbow
  8056 | D:7      | Reached skill level 3 in Stealth
  8056 | D:7      | Reached skill level 1 in Summonings
  8065 | D:7      | Identified a +0 short sword
  8066 | D:7      | Identified a +0 giant club
  8067 | D:7      | Identified a +0 club
  8067 | D:7      | Identified a +0 whip
  8068 | D:7      | Identified a +0 club
  8102 | D:7      | Identified a +0 scale mail
  8146 | D:7      | Identified an amulet of faith
  8230 | D:7      | Reached skill level 11 in Ice Magic
  8276 | D:7      | Identified a +1 vampiric dagger
  8281 | D:7      | Identified a +0 hand axe
  8281 | D:7      | Identified a +0 whip
  8310 | D:7      | Identified a +0 whip
  8310 | D:7      | Identified a +0 club
  8323 | D:7      | Identified a +0 robe
  8324 | D:7      | Identified a +0 club
  8340 | D:7      | Identified a +0 dagger
  8340 | D:7      | Identified a +0 mace
  8340 | D:7      | Identified a +0 ring mail
  8355 | D:7      | Identified a +0 dagger
  8370 | D:7      | Identified a +0 short sword
  8370 | D:7      | Identified a +0 ring mail
  8377 | D:7      | Identified the +3 long sword of Bupupna {freeze, Fragile
                  | rElec rF+ Int+4}
  8464 | D:7      | Found a shimmering altar of Xom.
  8472 | D:7      | Identified a +0 club
  8491 | D:7      | Found a staircase to the Ecumenical Temple.
  8491 | D:7      | Identified a +0 ring mail
  8500 | Temple   | Entered the Ecumenical Temple
  8572 | Temple   | Became a worshipper of Vehumet
  8623 | D:7      | Reached skill level 4 in Fighting
  8655 | D:7      | Identified a +0 club
  8660 | D:7      | Identified a +0 short sword
  8673 | D:7      | Identified a potion of attraction
  8697 | D:7      | Identified a +0 leather armour
  8806 | D:8      | Reached skill level 1 in Long Blades
  8806 | D:8      | Reached skill level 4 in Spellcasting
  8806 | D:8      | Reached skill level 6 in Conjurations
  8806 | D:8      | Reached skill level 2 in Summonings
  8807 | D:8      | Reached skill level 2 in Long Blades
  8810 | D:8      | Reached skill level 3 in Long Blades
  8812 | D:8      | Reached skill level 4 in Stealth
  8812 | D:8      | Reached skill level 3 in Summonings
  8814 | D:8      | Reached skill level 4 in Long Blades
  8880 | D:8      | Identified a +0 short sword
  8881 | D:8      | Identified a +0 club
  8881 | D:8      | Identified a +0 shortbow
  8891 | D:8      | Reached XP level 10. HP: 60/71 MP: 12/16
  8893 | D:8      | Reached skill level 5 in Long Blades
  8893 | D:8      | Reached skill level 4 in Summonings
  9002 | D:8      | Identified 2 scrolls of fog
  9003 | D:8      | Identified 2 scrolls of torment
  9153 | D:8      | Identified a +0 robe
  9172 | D:8      | Identified a +0 club
  9172 | D:8      | Identified a +0 leather armour
  9584 | D:9      | Identified a +0 dagger of chaos
  9584 | D:9      | Identified a +0 robe
  9584 | D:9      | Noticed Psyche
  9594 | D:9      | Killed Psyche
  9595 | D:9      | Reached skill level 6 in Long Blades
  9704 | D:9      | Identified a +0 mace
  9704 | D:9      | Identified a +2 scale mail of willpower
  9704 | D:9      | Noticed Harold
  9729 | D:9      | Identified a +0 dagger
  9729 | D:9      | Identified a +0 robe
  9730 | D:9      | Identified a +0 flail
  9731 | D:9      | Identified a +0 club
  9732 | D:9      | Identified a +0 short sword
  9732 | D:9      | Identified a +0 plate armour
  9732 | D:9      | Identified a +0 spear
  9732 | D:9      | Identified a +0 ring mail
  9732 | D:9      | Identified a +0 buckler
  9732 | D:9      | Identified a +0 spear
  9733 | D:9      | Identified a +0 dagger
  9733 | D:9      | Identified a +0 robe
  9733 | D:9      | Identified a +0 flail
  9733 | D:9      | Identified a +0 spear
  9736 | D:9      | Reached * piety under Vehumet
  9736 | D:9      | Offered knowledge of Shock by Vehumet.
  9824 | D:9      | Identified a +2 whip of electrocution
  9824 | D:9      | Identified a +0 flail
  9824 | D:9      | Identified a +0 chain mail
  9824 | D:9      | Identified a +0 hand axe
  9824 | D:9      | Identified a +0 leather armour
 10036 | D:9      | Identified a +1 shortbow of freezing
 10045 | D:9      | Reached skill level 5 in Fighting
 10045 | D:9      | Reached skill level 7 in Long Blades
 10114 | D:9      | Identified a +0 giant spiked club
 10114 | D:9      | Identified a +0 giant club
 10114 | D:9      | Noticed a two-headed ogre
 10128 | D:9      | Killed a two-headed ogre
 10129 | D:9      | Reached skill level 8 in Long Blades
 10129 | D:9      | Reached skill level 5 in Spellcasting
 10335 | D:9      | Killed Harold
 10336 | D:9      | Reached skill level 9 in Long Blades
 10377 | D:10     | Entered Level 10 of the Dungeon
 10392 | D:10     | Noticed a toenail golem
 10392 | D:10     | Noticed a toenail golem
 10393 | D:10     | Noticed a worldbinder
 10395 | D:10     | Found a transporter.
 10400 | D:10     | Noticed kd29's ghost (journeyman GrEE)
 10404 | D:10     | Noticed a toenail golem
 10418 | D:10     | Identified a +0 dagger
 10418 | D:10     | Identified a +0 robe
 10420 | D:10     | Identified a +2 vampiric hand axe
 10421 | D:10     | Identified a +0 mace
 10421 | D:10     | Identified a +0 plate armour
 10530 | D:10     | Identified 2 scrolls of vulnerability
 10531 | D:10     | Identified 2 potions of magic
 10532 | D:10     | Identified a +0 club
 10532 | D:10     | Identified a +0 hand crossbow
 10532 | D:10     | Identified a +0 dagger
 10541 | D:10     | Identified a +0 short sword
 10542 | D:10     | Identified a +0 short sword
 10542 | D:10     | Identified a +0 club
 10543 | D:10     | Identified a +0 club
 10543 | D:10     | Identified a +0 hand crossbow
 10546 | D:10     | Identified a +0 short sword
 10558 | D:10     | Reached XP level 11. HP: 70/79 MP: 18/18
 10625 | D:10     | Noticed a hell hog
 10640 | D:10     | Found a transporter.
 10642 | D:10     | Identified a +0 spear of distortion
 10642 | D:10     | Identified a +1 plate armour
 10670 | D:10     | Found a one-way gate to the infinite horrors of the Abyss.
 10675 | D:10     | Found a staircase to the Lair.
 10744 | D:10     | Identified a +0 mace
 10793 | D:10     | Identified a +0 whip
 10794 | D:10     | Identified a +0 short sword
 10794 | D:10     | Identified a +0 dagger
 10795 | D:10     | Identified a +0 whip
 10795 | D:10     | Identified a +0 club
 10795 | D:10     | Identified a +0 dagger
 10796 | D:10     | Identified a +0 whip
 10796 | D:10     | Identified a +0 short sword
 10853 | D:10     | Offered knowledge of Searing Ray by Vehumet.
 10854 | D:10     | Reached skill level 10 in Long Blades
 10854 | D:10     | Identified a +0 dire flail
 10854 | D:10     | Identified a +0 dire flail
 10854 | D:10     | Noticed a two-headed ogre
 10869 | D:10     | Killed a two-headed ogre
 10874 | D:10     | Identified a +0 scale mail
 11243 | D:11     | Noticed a manticore
 11254 | D:11     | Killed a manticore
 11255 | D:11     | Reached skill level 12 in Ice Magic
 11307 | D:11     | Identified a +0 dagger
 11307 | D:11     | Identified a +0 whip
 11308 | D:11     | Identified a +0 dagger
 11308 | D:11     | Identified a +0 whip
 11309 | D:11     | Identified a +0 club
 11310 | D:11     | Identified a +0 dagger
 11310 | D:11     | Identified a +0 club
 11312 | D:11     | Reached ** piety under Vehumet
 11327 | D:11     | Identified 3 scrolls of magic mapping
 11355 | D:11     | Reached skill level 11 in Long Blades
 11510 | D:11     | Identified a +0 flail
 11511 | D:11     | Identified a +0 leather armour
 11587 | D:11     | Identified a +0 giant club
 11587 | D:11     | Identified a +0 giant club
 11587 | D:11     | Noticed a two-headed ogre
 11597 | D:11     | Killed a two-headed ogre
 11704 | D:11     | Reached skill level 12 in Long Blades
 11750 | D:11     | Identified a +0 scale mail
 11834 | D:11     | Identified a +0 short sword
 11838 | D:11     | Identified a +0 dagger
 11838 | D:11     | Identified a +0 robe
 11842 | D:11     | Identified a +0 mace
 11842 | D:11     | Identified a +0 ring mail
 11867 | D:11     | Identified a +0 club
 11948 | D:11     | Identified a +0 robe
 12640 | D:11     | Identified a +0 hunting sling
 12646 | D:11     | Identified a +0 dire flail
 12760 | D:12     | Identified a +0 whip
 12761 | D:12     | Identified a +0 short sword
 12761 | D:12     | Identified a +0 leather armour
 12762 | D:12     | Noticed a seven-headed hydra
 12768 | D:12     | Noticed a boulder beetle
 12771 | D:11     | Reached skill level 1 in Evocations
 12776 | D:11     | HP: 13/80 [slime creature (8)]
 13006 | D:12     | Identified a scarf of invisibility
 13027 | D:12     | Identified a +0 dagger
 13027 | D:12     | Identified a +0 robe
 13035 | D:12     | Noticed a cyclops
 13041 | D:12     | Identified a +0 whip
 13064 | D:12     | Identified a +0 long sword
 13064 | D:12     | Identified a +0 plate armour
 13067 | D:12     | Identified a +0 short sword
 13072 | D:12     | Offered knowledge of Dazzling Flash by Vehumet.
 13074 | D:12     | Identified a +0 short sword
 13074 | D:12     | Identified a +0 ring mail
 13293 | D:12     | Noticed a cyclops
 13293 | D:12     | Identified a +0 scimitar
 13293 | D:12     | Identified a +0 plate armour
 13293 | D:12     | Identified a +0 mace
 13293 | D:12     | Identified a +0 chain mail
 13293 | D:12     | Identified a +0 dagger
 13293 | D:12     | Identified a +0 robe
 13293 | D:12     | Identified a +2 flail of protection
 13293 | D:12     | Noticed a boulder beetle
 13294 | D:12     | Noticed a red ugly thing
 13302 | D:11     | Killed a cyclops
 13405 | D:11     | Killed a red ugly thing
 13410 | D:11     | Reached *** piety under Vehumet
 13501 | D:11     | Killed a boulder beetle
 13502 | D:11     | Reached XP level 12. HP: 53/86 MP: 8/20
 13578 | D:12     | Identified a +0 hat
 13624 | D:12     | Reached skill level 2 in Evocations
 13638 | D:12     | Found a staircase to the Orcish Mines.
 13646 | D:12     | Killed a seven-headed hydra
 13681 | D:12     | Learned a level 5 spell: Fireball
 13724 | D:12     | HP: 15/86 [boulder beetle (14)]
 13729 | D:12     | Killed a boulder beetle
 13843 | D:12     | Noticed a four-headed hydra
 13857 | D:12     | Reached skill level 1 in Fire Magic
 14083 | D:12     | Identified 2 potions of haste
 14084 | D:12     | Identified a potion of cancellation
 14093 | D:12     | Identified a +0 club
 14151 | D:12     | Killed a four-headed hydra
 14152 | D:12     | Reached skill level 5 in Armour
 14152 | D:12     | Reached skill level 5 in Summonings
 14309 | D:13     | HP: 8/87 [cyclops (19)]
 14310 | D:13     | Slain by a cyclops

Table legend: (Time is in decaauts)
 A = Elapsed time spent in this place.
 B = Non-inter-level travel time spent in this place.
 C = Inter-level travel time spent in this place.
 D = Time resting spent in this place.
 E = Time spent auto-exploring this place.
 F = Levels seen in this place.
 G = Mean time per level.
                   A        B        C        D        E       F      G
               +--------+--------+--------+--------+--------+-----+--------+
         Total |  15986 |  14765 |   1221 |   4333 |   7670 |  14 | 1141.9 |
       Dungeon |  15867 |  14679 |   1188 |   4333 |   7594 |  13 | 1220.5 |
        Temple |    119 |     86 |     33 |      0 |     75 |   1 |  119.0 |
               +--------+--------+--------+--------+--------+-----+--------+

Top non-repeatable levels by time:
     D:5: 2826 daAuts
    D:11: 2328 daAuts
     D:6: 1718 daAuts
     D:3: 1254 daAuts
     D:7: 1097 daAuts
     D:1: 1052 daAuts
    D:12: 1019 daAuts
    D:10: 991 daAuts
     D:2: 969 daAuts
     D:8: 941 daAuts
     D:9: 884 daAuts
     D:4: 745 daAuts
  Temple: 119 daAuts
    D:13: 37 daAuts

Table legend:
 A = Kills in this place as a percentage of kills in entire the game.
 B = Kills by you in this place as a percentage of kills by you in the entire game.
 C = Kills by friends in this place as a percentage of kills by friends in the entire game.
 D = Other kills in this place as a percentage of other kills in the entire game.
 E = Experience gained in this place as a percentage of experience gained in the entire game.
 F = Experience gained in this place divided by the number of levels of this place that you have seen.
                   A       B       C       D       E      F
               +-------+-------+-------+-------+-------+----------------------
         Total | 100.0 | 100.0 | 100.0 |   N/A | 100.0 | 1581.6
       Dungeon | 100.0 | 100.0 | 100.0 |   N/A | 100.0 | 1703.2
               +-------+-------+-------+-------+-------+----------------------

Skill      XL: |  1  2  3  4  5  6  7  8  9 10 11 12 |
---------------+-------------------------------------+-----
Ice Magic      | 5 6 7 9 10 11 12 | 12.5
Fighting       | 1 2 3 4 5 |  5.8
Armour         | 1 2 3 4 5 |  5.0
Dodging        | 3 4 |  4.8
Conjurations   | 1 3 4 5 6 |  6.5
Stealth        | 2 4 |  4.8
Spellcasting   | 3 4 5 |  5.6
Summonings     | 3 4 5 |  5.0
Long Blades    | 4 9 12 | 12.5
Evocations     | 1 2 |  2.5
Fire Magic     | 1 |  1.5

Action                   |  1- 3 |  4- 6 |  7- 9 | 10-12 || total
-------------------------+-------+-------+-------+-------++-------
Melee: Dagger            |    90 |    47 |   222 |       ||   359
       Whip              |       |    81 |     5 |       ||    86
       Spear             |       |    26 |     9 |       ||    35
       Long sword        |       |       |    18 |   258 ||   276
       Short sword       |       |       |    15 |       ||    15
 Fire: Hunting sling     |       |       |     3 |       ||     3
Throw: Javelin           |       |       |       |     5 ||     5
       Throwing net      |       |       |       |     1 ||     1
 Cast: Freeze            |    20 |    52 |    46 |    10 ||   128
       Frozen Ramparts   |       |     2 |    10 |    17 ||    29
       Summon Ice Beast  |       |       |       |    61 ||    61
       Hailstorm         |       |       |       |    12 ||    12
 Abil: Hop               |       |       |     2 |     5 ||     7
Evoke: Wand              |       |     7 |     2 |    22 ||    31
       Condenser vane    |       |       |       |     1 ||     1
  Use: Scroll            |       |     1 |     9 |     7 ||    17
       Potion            |       |     4 |       |       ||     4
 Stab: Sleeping          |     2 |     6 |    15 |     2 ||    25
       Distracted        |       |     1 |       |     1 ||     2
Armor: Robe              |    43 |    76 |   157 |   146 ||   422
Dodge: Dodged            |    75 |   121 |   221 |   211 ||   628
       Rpst.: Long sword |       |       |     4 |    61 ||    65

Vanquished Creatures
  A boulder beetle (D:12)
  A hydra (D:12)
  Harold (D:9)
  2 two-headed ogres
  A manticore (D:11)
  An ugly thing (D:11)
  A komodo dragon (D:12)
  Psyche (D:9)
  An unseen horror (D:11)
  The ghost of indyram44 the Chiller, a novice GrIE of Okawaru (D:5)
  A slime creature (D:12)
  A shadow (D:11)
  2 wraiths (D:12)
  9 yaks
  2 steam dragons
  A wyvern (D:9)
  9 vampire mosquitoes
  Menkaure (D:6)
  2 water moccasins
  An ice beast (D:5)
  5 orc warriors
  A black bear (D:7)
  4 ogres
  3 centaurs
  A phantom (D:6)
  4 kobold brigands
  The ghost of pokeman the Magician, an amateur DEWz (D:3)
  5 bullfrogs
  Blork the orc (D:5)
  A scorpion (D:5)
  A gnoll sergeant (D:9)
  3 wyvern skeletons
  3 killer bees (D:8)
  A howler monkey (D:11)
  A wight (D:6)
  5 centaur zombies
  2 bullfrog zombies (D:5)
  2 orc priests
  4 hounds
  3 jellies
  A bullfrog skeleton (D:5)
  A centaur skeleton (D:5)
  4 iguanas
  5 orc wizards
  A killer bee zombie (D:8)
  A hound skeleton (D:4)
  5 gnolls (D:9)
  7 adders
  2 shadow imps
  A white imp (D:5)
  4 worms
  A dart slug (D:1)
  21 orcs
  2 bats
  10 endoplasms
  3 giant cockroaches
  14 goblins
  6 hobgoblins
  2 jackals (D:2)
  35 kobolds
  2 quokkas
  6 ball pythons
  2 frilled lizards (D:1)
  3 rats
230 creatures vanquished.

Vanquished Creatures (collateral kills)
  A boulder beetle (D:11)
  A hydra (D:12)
  A two-headed ogre (D:9)
  2 cyclopes
  A kobold demonologist (D:12)
  A troll (D:10)
  3 slime creatures
  A yak (D:11)
  2 wraiths
  A howler monkey (D:11)
  An orc priest (D:11)
  An orc (D:12)
  A kobold (D:12)
17 creatures vanquished.

Grand Total: 247 creatures vanquished
